 Dungeon Crawl Stone Soup version 0.25-a0-435-g4b9beb1024 (webtiles) character file.

Game seed: 8428653646945948379, levelgen mode: deterministic

121 Elellon the Conjurer (level 4, -1/24 HPs)
             Began as a Deep Elf Conjurer on Jan 27, 2020.
             Killed from afar by an orc wizard (4 damage)
             ... with a magic dart
             ... on level 2 of the Dungeon.
             The game lasted 00:01:20 (1509 turns).

Elellon the Conjurer (Deep Elf Conjurer)            Turns: 1509, Time: 00:01:21

Health: -1/24      AC:  7    Str:  6    XL:     4   Next: 77%
Magic:  10/13      EV: 20    Int: 20    God:
Gold:   38         SH:  0    Dex: 15    Spells: 12/13 levels left

rFire    + + .     SeeInvis .   (weapon currently unavailable)
rCold    + + .     Gourm    .   (shield currently unavailable)
rNeg     + + +     Faith    .   (armour currently unavailable)
rPois    ∞         Spirit   .   (helmet currently unavailable)
rElec    +         Reflect  .   (cloak currently unavailable)
rCorr    +         Harm     .   (gloves currently unavailable)
MR       .....                  (boots currently unavailable)
Stlth    ++........             (amulet currently unavailable)
HPRegen  0.08/turn              (ring currently unavailable)
MPRegen  0.13/turn              (ring currently unavailable)

@: wisp-form, flying, quick
A: tiny
a: no special abilities


You were on level 2 of the Dungeon.
You were not hungry.
You were an insubstantial wisp.
You visited 1 branch of the dungeon, and saw 2 of its levels.

You collected 38 gold pieces.

Inventory:

Hand Weapons
 n - a +0 dagger (melded)
Armour
 a - a +0 robe (melded)
Scrolls
 b - a scroll of identify {unknown}
 d - 2 scrolls of amnesia {unknown}
 e - a scroll of immolation {unknown}
 f - a scroll of blinking {unknown}
 i - 2 scrolls of remove curse {unknown}
 j - a scroll of random uselessness {unknown}
 k - a scroll of enchant armour {unknown}
 m - a scroll of teleportation {unknown}
Potions
 g - a potion of degeneration {unknown}
 h - a potion of curing {unknown}
 l - a potion of cancellation {unknown}
Comestibles
 c - 2 rations
 o - 7 chunks of flesh


   Skills:
 - Level 2.4 Dodging
 - Level 2.4 Stealth
 + Level 5.2 Spellcasting
 + Level 5.7 Conjurations


You had 12 spell levels left.
You knew the following spells:

 Your Spells              Type           Power        Failure   Level  Hunger
a - Magic Dart            Conj           ####         1%          1    None

Your spell library contained the following spells:

 Spells                   Type           Power        Failure   Level  Hunger
 Searing Ray              Conj           ####..       1%          2    None
 Dazzling Flash           Conj/Hex       ###...       11%         3    ##.....
 Fulminant Prism          Conj/Hex       ###.......   34%         4    ####...
 Iskenderun's Mystic Bla  Conj/Tloc      ###.....     34%         4    ####...


Dungeon Overview and Level Annotations

Branches:
Dungeon (2/15)

Altars:

Annotations:
D:2 Natasha


Message History

The orc wizard seems to speed up.
The orc priest mumbles some strange prayers to Beogh against you.
Beogh smites you!
Ouch! That really hurt!
Natasha zaps a wand.
You turn into an insubstantial wisp.
Your +0 dagger melds into your body.
Your +0 robe melds into your body.
You can't do that in your present form.
You can't do that in your present form.
You can't do that in your present form.
Natasha casts a spell at you. The magic dart hits you!
* * * LOW HITPOINT WARNING * * *
The orc wizard points at you and mumbles some strange words.
The magic dart hits you.
* * * LOW HITPOINT WARNING * * *
The orc priest casts a cantrip, but nothing happens.
A kobold comes into view. It is wielding a +0 club.
The orc wizard points at you and mumbles some strange words.
The magic dart hits you.
You die...

#############
#####..≈≈.≈≈≈≈o..
######......≈.≈h≈..≈≈.
.#......#..o≈≈≈≈≈≈≈≈≈≈≈
......>......≈≈≈≈≈≈≈≈≈.
.............≈≈≈≈≈≈≈≈≈≈
.......v...≈≈≈≈≈.♣.≈≈≈.
...........≈≈≈≈≈._.≈≈≈.
<.......)K.≈.≈≈≈.♣≈≈≈≈.
........).)..≈≈≈≈≈≈≈≈≈.
.............≈≈≈≈≈≈≈≈≈.
........)..≈.≈≈≈≈≈≈≈≈≈≈
.#.....#...≈≈.≈≈..≈..≈.≈
.######.##..≈≈.≈.....≈(
#.#####..........


You could see an orc wizard and a kobold (wandering).

Vanquished Creatures
  A scorpion (D:2)
  An orc priest (D:2)
  An adder (D:2)
  An ooze (D:1)
  A dart slug (D:2)
  4 orcs (D:2)
  A giant cockroach (D:1)
  2 goblins (D:2)
  2 hobgoblins (D:2)
  4 jackals (D:1)
  3 bats (D:1)
  2 kobolds
  6 rats
29 creatures vanquished.

Notes
Turn   | Place    | Note
-------+----------+-------------------------------------------
     0 | D:1      | Elellon the Deep Elf Conjurer began the quest for the Orb.
     0 | D:1      | Reached XP level 1. HP: 10/10 MP: 6/6
   446 | D:1      | Reached XP level 2. HP: 15/15 MP: 3/8
  1027 | D:2      | Reached skill level 5 in Conjurations
  1027 | D:2      | Reached XP level 3. HP: 16/19 MP: 5/10
  1091 | D:2      | Noticed a scorpion
  1098 | D:2      | Killed a scorpion
  1098 | D:2      | Reached XP level 4. HP: 24/24 MP: 1/12
  1407 | D:2      | Reached skill level 5 in Spellcasting
  1477 | D:2      | Found a faded altar of an unknown god.
  1498 | D:2      | Noticed Natasha
  1509 | D:2      | Killed from afar by an orc wizard

Levels and vault maps discovered:
D:1:      mrwooster_arrival_statue_3, layout_loops_ring
D:2:      layout_rooms, gammafunk_temple_overflow_arena,
          chequers_ecumenical_altar_island, minmay_misc_feat_chi,
          nicolae_gozag_seed_capital, uniq_natasha

Skill      XL: |  1  2  3  4 |
---------------+-------------+-----
Spellcasting   | 4 5 |  5.2
Conjurations   | 5 |  5.7
Dodging        | |  2.4
Stealth        | |  2.4

Action                   |  1- 3 |  4- 6 || total
-------------------------+-------+-------++-------
 Cast: Magic Dart        |    44 |    20 ||    64
  Eat: Chunk             |       |     2 ||     2
Dodge: Dodged            |     1 |       ||     1

Table legend:
 A = Non-vault XP
 B = Vault XP
 C = Vault XP percentage of total XP
 D = Non-vault monster count
 E = Vault monster count
 F = Vault count percentage of total count
                 A         B        C        D         E       F
            +---------+---------+-------+---------+---------+-------
      Total |     174 |       0 |   0.0 |      29 |       0 |   0.0
            +---------+---------+-------+---------+---------+-------
        D:1 |      24 |       0 |   0.0 |      14 |       0 |   0.0
        D:2 |     150 |       0 |   0.0 |      15 |       0 |   0.0
            +---------+---------+-------+---------+---------+-------
